AoeStats
← AnXieTy

MegaRandom

510144668Analyzed
4v4 RM · 3d ago on Sep 29, 2026· 69m 10s· 8 players
Game mode
Random Map
Map size
Large (8 player)
Population
200
Speed
Normal
Resources
Standard
Victory
Conquest
Starting age
Dark Age
Ending age
Imperial Age
RankedLock teamsTeams togetherTeam positionsShared explorationLock speedFull tech treeHidden civsTurbo modeCheats
Victory
Defeat
🇩🇪 Wei · Germany
1000
+31
🇩🇪 Mongols · Germany
872
+14
🇩🇪 Burgundians · Germany
867
+14
🇩🇪 Britons · Germany
648
+24
🇮🇳 Huns · India
854
-16
🇧🇷 Persians · Brazil
847
-16
🇹🇷 Vietnamese · Türkiye
814
-15
🇬🇧 Teutons · United Kingdom
803
-14
uchihausman
1:02 Loom
11:50 Feudal Age
12:15 Horse Collar
12:21 Double-Bit Axe
21:12 Castle Age
19:09 Fletching
19:19 Padded Archer Armor
20:08 Gold Mining
20:14 Stone Mining
22:11 Wheelbarrow
22:32 Bodkin Arrow
22:53 Leather Archer Armor
22:03 Crossbowman
22:49 Thumb Ring
23:01 Scale Mail Armor
22:53 Elite Skirmisher
25:16 Stone Shaft Mining
26:43 Hand Cart
26:50 Bow Saw
26:54 Heavy Plow
27:20 Squires
27:14 Pikeman
28:02 Elite Skirmisher
30:56 Ballistics
36:21 Imperial Age
34:26 Leather Archer Armor
34:22 Forging
36:41 Arbalester
38:50 Paper Money
38:17 Elite Rattan Archer
40:13 Two-Man Saw
39:31 Caravan
40:58 Chemistry
40:25 Imperial Skirmisher
41:49 Bracer
43:57 Ring Archer Armor
47:35 Chain Mail Armor
47:56 Iron Casting
Bozorix
1:12 Loom
2:05 Loom
2:28 Loom
2:54 Loom
10:08 Feudal Age
10:56 Double-Bit Axe
10:58 Horse Collar
13:46 Wheelbarrow
14:46 Fletching
15:08 Forging
14:57 Gold Mining
16:43 Scale Mail Armor
19:40 Padded Archer Armor
19:55 Stone Mining
20:19 Man-at-Arms
21:59 Town Watch
26:30 Castle Age
25:47 Arson
27:30 Elite Skirmisher
28:12 Squires
27:35 Long Swordsman
28:03 Gambesons
28:19 Bodkin Arrow
28:39 Chain Mail Armor
29:15 Heavy Plow
29:33 Hand Cart
29:38 Bow Saw
30:08 Pikeman
37:41 Iron Casting
37:33 Masonry
39:33 Ballistics
44:54 Imperial Age
42:30 Town Patrol
47:54 Chemistry
46:41 Arrowslits
47:43 Halberdier
50:14 Guilds
50:34 Leather Archer Armor
52:08 Conscription
52:15 Crenellations
51:53 Imperial Skirmisher
57:29 Two-Man Saw
59:08 Plate Mail Armor
59:38 Blast Furnace
59:09 Ring Archer Armor
joaoinkgamer
0:52 Loom
11:32 Feudal Age
19:51 Castle Age
19:56 Town Watch
23:34 Double-Bit Axe
28:27 Imperial Age
28:26 Gold Mining
34:20 Gold Shaft Mining
34:45 Wheelbarrow
34:24 Pikeman
35:13 Horse Collar
39:06 Heavy Plow
42:24 Forging
43:31 Heavy Camel Rider
46:06 Elite Skirmisher
47:30 Bow Saw
48:38 Kamandaran
49:04 Fletching
49:35 Crossbowman
52:53 Chemistry
58:09 Imperial Skirmisher
60:36 Thumb Ring
63:07 Murder Holes
royethatboy
0:39 Loom
11:49 Feudal Age
12:40 Double-Bit Axe
12:59 Horse Collar
16:47 Fletching
20:23 Castle Age
19:59 Padded Archer Armor
21:36 Bodkin Arrow
21:14 Crossbowman
26:09 Wheelbarrow
26:01 Husbandry
26:30 Stone Mining
27:07 Leather Archer Armor
27:53 Bloodlines
30:19 Pikeman
36:34 Imperial Age
35:50 Thumb Ring
44:24 Ballistics
46:29 Bracer
46:39 Scale Mail Armor
46:51 Forging
48:06 Parthian Tactics
49:50 Caravan
51:44 Squires
52:55 Chemistry
52:45 Gold Mining
57:36 Chain Mail Armor
jahchild
10:52 Feudal Age
9:24 Horse Collar
9:34 Double-Bit Axe
11:53 Heavy Plow
12:25 Bow Saw
15:49 Wheelbarrow
18:27 Gold Mining
21:44 Castle Age
20:07 Hand Cart
20:26 Forging
20:22 Scale Barding Armor
21:58 Gold Shaft Mining
23:06 Iron Casting
22:52 Chain Barding Armor
21:59 Cavalier
22:39 Husbandry
26:03 Fletching
26:14 Scale Mail Armor
38:10 Caravan
47:37 Imperial Age
46:38 Chain Mail Armor
46:19 Bodkin Arrow
46:04 Pikeman
46:44 Squires
47:04 Padded Archer Armor
47:32 Ballistics
49:47 Chemistry
48:29 Treadmill Crane
49:18 Conscription
48:21 Elite Coustillier
51:14 Murder Holes
51:33 Masonry
52:27 Blast Furnace
53:58 Plate Barding Armor
58:12 Halberdier
59:48 Arson
60:59 Plate Mail Armor
AnXieTy
8:12 Loom
10:35 Feudal Age
11:03 Horse Collar
12:01 Wheelbarrow
11:20 Double-Bit Axe
13:25 Gold Mining
18:29 Castle Age
16:38 Stone Mining
20:07 Bloodlines
19:58 Husbandry
20:14 Scale Barding Armor
21:34 Bow Saw
23:15 Heavy Plow
26:24 Forging
29:02 Iron Casting
29:05 Chain Barding Armor
30:04 Hand Cart
35:02 Caravan
35:53 Iron Casting
39:27 Imperial Age
39:34 Imperial Age
38:42 Thumb Ring
39:24 Gold Shaft Mining
39:26 Stone Shaft Mining
39:15 Tuntian
39:43 Heavy Hei Guang Cavalry
42:50 Ming Guang Armor
46:04 Conscription
46:47 Hoardings
46:21 Elite Skirmisher
46:56 Fletching
47:06 Padded Archer Armor
48:18 Parthian Tactics
48:12 Elite Tiger Cavalry
51:43 Blast Furnace
50:39 Bodkin Arrow
50:59 Leather Archer Armor
.,
10:08 Feudal Age
9:00 Loom
10:07 Loom
11:37 Double-Bit Axe
16:10 Fletching
21:36 Castle Age
20:55 Padded Archer Armor
23:00 Bodkin Arrow
31:07 Caravan
31:18 Horse Collar
32:26 Scale Barding Armor
33:36 Wheelbarrow
33:28 Bow Saw
37:37 Imperial Age
36:27 Hand Cart
37:37 Chain Barding Armor
38:10 Heavy Plow
39:17 Pikeman
39:57 Squires
39:43 Arson
40:13 Forging
40:04 Scale Mail Armor
41:24 Bracer
41:43 Leather Archer Armor
44:13 Chemistry
43:33 Ballistics
43:38 Elite Mangudai
44:39 Conscription
45:47 Chain Mail Armor
46:16 Iron Casting
47:53 Husbandry
48:04 Bloodlines
48:30 Parthian Tactics
48:21 Onager
59:17 Siege Onager
Bongflüsterer
2:02 Loom
11:49 Feudal Age
13:56 Wheelbarrow
13:51 Horse Collar
16:19 Double-Bit Axe
21:17 Castle Age
22:24 Bow Saw
22:10 Crossbowman
23:03 Padded Archer Armor
26:01 Squires
25:21 Pikeman
27:32 Gold Mining
27:33 Stone Mining
30:33 Hand Cart
30:56 Heavy Plow
36:25 Imperial Age
34:41 Caravan
36:53 Gold Shaft Mining
36:43 Elite Longbowman
38:07 Ballistics
38:30 Forging
38:21 Scale Mail Armor
38:12 Fletching
38:37 Leather Archer Armor
39:53 Chemistry
39:34 Scale Barding Armor
40:59 Two-Man Saw
42:21 Ring Archer Armor
42:44 Husbandry
43:59 Halberdier
47:59 Bodkin Arrow
48:40 Iron Casting
48:21 Chain Mail Armor
48:26 Chain Barding Armor
48:44 Masonry
48:20 Treadmill Crane
48:47 Bracer
49:01 Light Cavalry
50:44 Coinage
50:25 Guilds
51:30 Yeomen
55:42 Cavalier
63:55 Plate Barding Armor
64:16 Warwolf
Connection lost

Rejoining the realm…

Still unreachable

The connection could not be restored.

Session expired

The server has moved on; the page needs a fresh start.